 Dungeon Crawl Stone Soup version 0.23-a0-286-gcae3914892 (webtiles) character file.

27022 Henning the Fighter (level 13, -18/118 HPs)
             Began as a Minotaur Abyssal Knight on Oct 3, 2018.
             Was the Champion of Lugonu.
             Demolished by a skeletal warrior
             ... wielding a +0 glaive
             ... led by a death knight
              (22 damage)
             ... on level 13 of the Dungeon.
             The game lasted 00:33:21 (14376 turns).

Henning the Fighter (Minotaur Abyssal Knight)      Turns: 14376, Time: 00:33:22

Health: -18/118    AC: 18    Str: 19    XL:     13   Next: 2%
Magic:  15/15      EV: 16    Int:  9    God:    Lugonu [******]
Gold:   745        SH:  6    Dex: 13    Spells: 12/12 levels left

rFire    . . .     SeeInvis .   J - +4 flail (holy)
rCold    + . .     Gourm    .   B - +0 buckler
rNeg     . . .     Faith    .   o - +4 scale mail
rPois    +         Spirit   .   v - +2 hat {MR+}
rElec    .         Reflect  .   y - +0 cloak
rCorr    .         Harm     .   C - +0 pair of gloves
MR       +....                  (no boots)
Stlth    +.........             (no amulet)
HPRegen  0.29/turn              K - ring of protection from cold
MPRegen  0.14/turn              W - ring of poison resistance (curse)

@: lethally poisoned (-18 -> -19), slowed, very slow
A: retaliatory headbutt, horns 2
a: Depart the Abyss, Bend Space, Banish, Corrupt, Enter the Abyss, Brand Weapon
With Distortion, Renounce Religion


You were on level 13 of the Dungeon.
You worshipped Lugonu.
Lugonu was exalted by your worship.
You were hungry.

You visited 1 branch of the dungeon, and saw 13 of its levels.
You visited the Abyss 1 time.
You also visited: Sewer.

You collected 745 gold pieces.

Inventory:

Hand Weapons
 a - a +1 mace
 p - a +0 whip of draining
 G - a +0 mace of protection
 J - a +4 flail of holy wrath (weapon)
Missiles
 H - 11 tomahawks (quivered)
 Q - 4 javelins
 U - 5 poisoned tomahawks
Armour
 o - a +4 scale mail (worn)
 v - a +2 hat of magic resistance (worn)
 y - a +0 cloak (worn)
 B - a +0 buckler (worn)
 C - a +0 pair of gloves (worn)
 L - +0 steam dragon scales
Jewellery
 k - an uncursed ring of protection from cold
 n - an uncursed ring of wizardry
 I - an uncursed amulet of faith
 K - a ring of protection from cold (left hand)
 W - a cursed ring of poison resistance (right hand)
Wands
 q - a wand of paralysis (4)
 u - a wand of digging (39)
 x - a wand of polymorph (21)
 M - a wand of random effects (14)
 O - a wand of scattershot (5)
 P - a wand of iceblast (9)
Scrolls
 d - 2 scrolls of fog
 e - 4 scrolls of teleportation
 f - 2 scrolls of amnesia
 g - 6 scrolls of magic mapping
 h - 2 scrolls of remove curse
 w - a scroll of enchant armour
 A - 2 scrolls of enchant weapon
 N - a scroll of blinking
 R - 2 scrolls of immolation
 T - a scroll of fear {unknown}
Potions
 b - 2 potions of magic
 i - 5 potions of haste
 j - 10 potions of curing
 l - 4 potions of flight
 m - a potion of mutation
 r - 8 potions of brilliance
 s - a potion of invisibility
 t - 2 potions of ambrosia
 z - 2 potions of degeneration {unknown}
 D - 3 potions of might {unknown}
 E - 2 potions of agility {unknown}
 F - 2 potions of lignification {unknown}
Miscellaneous
 S - 2 boxes of beasts
Comestibles
 c - 28 rations


   Skills:
 + Level 12.1 Fighting
 + Level 11.9 Maces & Flails
 + Level 11.9 Armour
 + Level 10.9 Dodging
 - Level 2.0 Stealth
 + Level 10.2 Shields
 - Level 5.0 Invocations


You had 12 spell levels left.
You didn't know any spells.
Your spell library contained the following spells:

 Spells                   Type           Power        Failure   Level  Hunger
 Confusing Touch          Hex            #.....       67%         1    ##.....
 Flame Tongue             Conj/Fire      #....        67%         1    ##.....
 Magic Dart               Conj           #...         67%         1    ##.....
 Summon Small Mammal      Summ           #...         67%         1    ##.....
 Blink                    Tloc           N/A          82%         2    ###....
 Call Imp                 Summ           #.......     82%         2    ###....
 Slow                     Hex            #.......     82%         2    ###....
 Throw Flame              Conj/Fire      #.....       82%         2    ###....
 Call Canine Familiar     Summ           #.......     96%         3    ####...
 Confuse                  Hex            #.......     96%         3    ####...
 Conjure Flame            Conj/Fire      #.......     96%         3    ####...
 Gell's Gravitas          Tloc           #.........   96%         3    ####...
 Inner Flame              Hex/Fire       #.......     96%         3    ####...
 Mephitic Cloud           Conj/Pois/Air  #.......     96%         3    ####...
 Summon Guardian Golem    Hex/Summ       #.......     96%         3    ####...
 Petrify                  Tmut/Erth      #.......     100%        4    #####..
 Sticky Flame             Conj/Fire      #.......     100%        4    #####..
 Summon Ice Beast         Ice/Summ       #.......     100%        4    #####..
 Summon Lightning Spire   Summ/Air       #.......     100%        4    #####..
 Bolt of Magma            Conj/Fire/Erth #.........   100%        5    ######.
 Fireball                 Conj/Fire      #.........   100%        5    ######.
 Iskenderun's Battlesphe  Conj/Chrm      #.......     100%        5    ######.
 Metabolic Englaciation   Hex/Ice        #.........   100%        5    ######.
 Venom Bolt               Conj/Pois      #.........   100%        5    ######.
 Yara's Violent Unravell  Hex/Tmut       #.........   100%        5    ######.
 Iron Shot                Conj/Erth      #.........   100%        6    #######
 Orb of Destruction       Conj           #.........   100%        7    #######
 Spellforged Servitor     Conj/Summ      #.........   100%        7    #######


Dungeon Overview and Level Annotations

Branches:
Dungeon (13/15)            Temple (0/1) D:7            Lair (0/6) D:11
    Orc (0/2) D:11
 Vaults: D:13-14

Altars:
Gozag
Qazlal
Ru
Trog
Xom
Zin

Shops:
D:6 }   D:12 (


Innate Abilities, Weirdness & Mutations

You reflexively headbutt those who attack you in melee.
You have a pair of horns on your head.


Message History

The death knight hits you with an enchanted great mace.
* * * LOW HITPOINT WARNING * * *
The hornet stings you.
* * * LOW HITPOINT WARNING * * *
You sock the death knight!
You headbutt the death knight, but do no damage.
The death knight is almost dead.
The skeletal warrior hits you from afar with a glaive!
* * * LOW HITPOINT WARNING * * *
The hornet misses you.
The death knight offers itself to Yredelemnul, and fills with unholy energy.
You bludgeon the death knight!!
You kill the death knight!
Lugonu accepts your kill.
You have reached level 13!
Your damage is reflected back at you!
* * * LOW HITPOINT WARNING * * *
The hornet barely misses you.
The skeletal warrior hits you from afar with a glaive!!
You die...

#.%. #.....# #..... #..
#.....# #..... #..
#..#### #..... ## #..##
####..
#################....
#....................
#........).....# #
#..............##..##.
#.............@)W.....
+##..............yz.....
..#'###############..###
..................#..#
#..........##...#.####.#
#...#>.##..##...#......#
#..........##...#..##..#
................#..##..#
.........................


You could see a skeletal warrior, a freezing wraith and a hornet.

Vanquished Creatures
  Gastronok (D:11)
  Harold (D:8)
  Erolcha (D:10)
  2 hydras
  6 two-headed ogres
  A death knight (D:13)
  A centaur warrior (D:10)
  Erica (D:10)
  Urug (D:10)
  2 unseen horrors
  2 ugly things (D:11)
  Maurice (D:8)
  Psyche (D:10)
  An efreet (D:13)
  A freezing wraith (D:13)
  2 polar bears (D:12)
  Grinder (D:3)
  A hornet (D:13)
  4 slime creatures
  3 hippogriffs
  A meliai zombie (D:10)
  2 wraiths
  A shadow (D:11)
  A human (D:7)
  11 yaks
  4 hogs (D:7)
  2 steam dragons (D:8)
  A wyvern (D:12)
  A hungry ghost (D:8)
  2 basilisks (D:11)
  Edmund (D:5)
  A soldier ant (D:9)
  A water moccasin (D:10)
  Duvessa (D:4)
  2 orc warriors
  4 porcupines
  2 sky beasts
  A meliai simulacrum (D:12)
  7 ice beasts
  A phantom (D:11)
  3 black bears (D:11)
  4 ogres
  A wolf (D:11)
  A necrophage (D:10)
  2 crocodiles (D:11)
  A centaur (D:8)
  6 big kobolds
  3 bullfrogs
  A gnoll sergeant (D:7)
  Dowan (D:4)
  A wyvern skeleton (D:7)
  4 scorpions
  10 killer bees (D:7)
  14 wights
  3 electric eels
  10 crimson imps
  A quasit (D:10)
  3 centaur zombies
  A bullfrog zombie (D:10)
  5 orc priests
  A bullfrog skeleton (D:13)
  6 hounds
  6 orc wizards
  Crazy Yiuf (D:5)
  A jelly (D:5)
  3 centaur skeletons
  7 iguanas
  5 worker ants
  A killer bee zombie (D:10)
  A centaur simulacrum (D:12)
  2 bullfrog simulacra (D:12)
  4 hound skeletons
  A worker ant zombie (D:10)
  Robin (D:4)
  6 gnolls
  11 adders
  5 shadow imps
  2 white imps (D:12)
  3 ufetubi (D:12)
  2 oozes
  An adder skeleton (D:8)
  An adder zombie (D:8)
  3 worms
  3 dart slugs
  8 leopard geckos
  37 orcs
  4 ball pythons
  6 bats
  6 giant cockroaches
  16 goblins
  9 hobgoblins
  10 jackals
  31 kobolds
  3 quokkas
  6 frilled lizards
  A jackal skeleton (D:5)
  A jackal zombie (D:5)
  A leopard gecko skeleton (D:4)
  A leopard gecko zombie (D:8)
  11 rats
384 creatures vanquished.

Vanquished Creatures (collateral kills)
  An orc (D:6)
1 creature vanquished.

Vanquished Creatures (others)
  A white imp (D:12)
  An orc (D:12)
  A fungus (D:11)
  3 plants (D:11)
6 creatures vanquished.

Grand Total: 391 creatures vanquished

Notes
Turn   | Place    | Note
-------+----------+-------------------------------------------
     0 | Abyss:1  | Henning the Minotaur Abyssal Knight began the quest for the
                  | Orb.
     0 | Abyss:1  | Reached XP level 1. HP: 19/19 MP: 1/1
    38 | D:1      | Escaped the Abyss
    84 | D:1      | Reached XP level 2. HP: 20/27 MP: 2/2
   439 | D:1      | Reached ** piety under Lugonu
   538 | D:1      | Reached XP level 3. HP: 32/33 MP: 3/3
   714 | D:1      | Reached skill level 4 in Fighting
   760 | D:2      | Found an opulent altar of Gozag.
  1179 | D:2      | Found a sacrificial altar of Ru.
  1372 | D:3      | Reached XP level 4. HP: 40/40 MP: 4/4
  1395 | D:3      | Noticed Grinder
  1401 | D:3      | Paralysed by Grinder for 3 turns
  1409 | D:3      | Paralysed by Grinder for 5 turns
  1421 | D:3      | Killed Grinder
  1421 | D:3      | Reached XP level 5. HP: 25/47 MP: 4/6
  1421 | D:3      | Reached XP level 6. HP: 30/55 MP: 4/7
  1555 | D:3      | Paralysed by an orc priest for 4 turns
  1576 | D:3      | Reached *** piety under Lugonu
  1937 | D:3      | Reached skill level 5 in Fighting
  2137 | D:4      | Noticed Robin
  2150 | D:4      | Killed Robin
  2362 | D:4      | Noticed Duvessa
  2362 | D:4      | Noticed Dowan
  2380 | D:4      | Killed Duvessa
  2394 | D:4      | Killed Dowan
  2394 | D:4      | Reached XP level 7. HP: 32/61 MP: 8/8
  2690 | D:4      | Reached **** piety under Lugonu
  3142 | D:4      | Noticed a moth of wrath
  3145 | D:4      | Found a bloodstained altar of Trog.
  3251 | D:5      | Entered Level 5 of the Dungeon
  3275 | D:5      | Reached skill level 5 in Maces & Flails
  3275 | D:5      | Reached skill level 5 in Armour
  3576 | D:5      | Found a glowing drain.
  3603 | Sewer    | Entered a sewer
  3633 | Sewer    | Reached skill level 6 in Fighting
  3764 | Sewer    | Reached XP level 8. HP: 52/70 MP: 10/10
  4075 | D:5      | Found a runed door.
  4113 | D:5      | Found the +3 giant club "Skullcrusher" {speed, Str+7}
  4486 | D:5      | Noticed Crazy Yiuf
  4489 | D:5      | Killed Crazy Yiuf
  4489 | D:5      | Reached skill level 5 in Dodging
  4616 | D:5      | Noticed Edmund
  4629 | D:5      | Killed Edmund
  4855 | D:6      | Found Egoirhir's Gadget Emporium.
  4958 | D:6      | Reached skill level 5 in Invocations
  4979 | D:6      | Reached skill level 7 in Fighting
  5195 | D:6      | Found a sacrificial altar of Ru.
  5200 | D:6      | Found a shimmering altar of Xom.
  5202 | D:6      | Found a stormy altar of Qazlal.
  5204 | D:6      | Found a glowing silver altar of Zin.
  5205 | D:6      | Found a bloodstained altar of Trog.
  5405 | D:7      | Reached skill level 1 in Shields
  5426 | D:7      | Reached XP level 9. HP: 79/79 MP: 11/11
  5428 | D:7      | Reached ***** piety under Lugonu
  5434 | D:7      | Found a staircase to the Ecumenical Temple.
  6013 | D:7      | Reached skill level 8 in Fighting
  6755 | D:8      | Noticed Harold
  6772 | D:8      | Reached XP level 10. HP: 44/90 MP: 12/12
  6779 | D:8      | Killed Harold
  6798 | D:8      | Reached skill level 5 in Shields
  7032 | D:8      | Reached skill level 9 in Fighting
  7256 | D:8      | Noticed Maurice
  7279 | D:8      | Noticed a two-headed ogre
  7301 | D:8      | Killed Maurice
  7312 | D:8      | Killed a two-headed ogre
  7951 | D:9      | Noticed a two-headed ogre
  7962 | D:9      | Killed a two-headed ogre
  8282 | D:9      | Reached XP level 11. HP: 94/99 MP: 13/13
  8867 | D:10     | Entered Level 10 of the Dungeon
  8896 | D:10     | Noticed a two-headed ogre
  8907 | D:10     | Killed a two-headed ogre
  8907 | D:10     | Reached skill level 10 in Fighting
  8992 | D:10     | Noticed Erolcha
  9007 | D:10     | Killed Erolcha
  9382 | D:10     | Reached skill level 10 in Maces & Flails
  9382 | D:10     | Reached skill level 10 in Armour
  9440 | D:10     | Killed an unseen horror
  9679 | D:10     | Reached ****** piety under Lugonu
  9683 | D:10     | Reached skill level 1 in Stealth
  9701 | D:10     | Noticed Urug
  9711 | D:10     | Killed Urug
 10226 | D:11     | Noticed a centaur warrior
 10231 | D:11     | Noticed Erica
 10250 | D:10     | Killed a centaur warrior
 10387 | D:10     | Killed Erica
 10778 | D:11     | Noticed Psyche
 10828 | D:10     | Killed Psyche
 11251 | D:11     | Noticed Gastronok
 11283 | D:11     | Killed Gastronok
 11283 | D:11     | Reached skill level 11 in Fighting
 11283 | D:11     | Reached XP level 12. HP: 77/110 MP: 14/14
 11461 | D:11     | Reached skill level 10 in Dodging
 11744 | D:11     | Found a staircase to the Lair.
 11847 | D:11     | Found a staircase to the Orcish Mines.
 11955 | D:12     | Noticed a four-headed hydra
 11965 | D:11     | Killed a four-headed hydra
 12332 | D:12     | Noticed a two-headed ogre
 12347 | D:12     | Killed a two-headed ogre
 12618 | D:12     | Noticed a two-headed ogre
 12635 | D:12     | Killed a two-headed ogre
 13276 | D:12     | Noticed a two-headed ogre
 13289 | D:12     | Killed a two-headed ogre
 13289 | D:12     | Reached skill level 12 in Fighting
 13295 | D:12     | Reached skill level 10 in Shields
 13389 | D:12     | Found Kixaiwk's Antique Weapon Shop.
 13940 | D:13     | Noticed a four-headed hydra
 13949 | D:13     | Killed a four-headed hydra
 13985 | D:13     | Noticed a death knight
 14010 | D:13     | HP: 4/112 [skeletal warrior/glaive[a death knight] (19)]
 14376 | D:13     | Killed a death knight
 14376 | D:13     | Reached XP level 13. HP: 6/118 MP: 15/15
 14376 | D:13     | HP: 3/118 [mirror damage (3)]
 14376 | D:13     | Demolished by a skeletal warrior

Vault maps used:
D:1:      roderic_octagonal_star
D:2:      nicolae_overflow_crystal_walls, first_ration, minmay_misc_feat_rows,
          nicolae_ru_path_of_blood
D:3:      hangedman_decor_riveting, minmay_randomly_rotated_circles,
          uniq_grinder
D:4:      serial_bayou, serial_bayou_lagoon_a, serial_bayou_lagoon_b,
          serial_bayou_pond_c, serial_bayou_crossing, serial_bayou_shore_b,
          serial_bayou_pond_d, tgw_trog, uniq_robin, uniq_duvessa
D:5:      cheibrodos_sewer_entry_bend, st_stairs_6, uniq_edmund,
          uniq_crazy_yiuf_cottage
D:6:      grunt_temple_overflow_open, serial_shops, nicolae_shop_trees
D:7:      temple_green, grunt_livestock
D:8:      cheibrodos_steamvent, nrook_pool_corridor, uniq_harold, uniq_maurice
D:9:      skrybe_limestone_x
D:10:     cheibrodos_elevator_heist, uniq_erolcha, uniq_urug
D:11:     minmay_lair_entry_grove, orc_0_dummy, uniq_erica, uniq_psyche,
          uniq_gastronok
D:12:     serial_shops, shop_fountains, serial_ice, serial_ice_c, serial_ice_j,
          serial_ice_f, serial_ice_m, serial_ice_o, serial_ice_n, serial_ice_d
Sewer:    kennysheep_pipe_town

Skill      XL: |  1  2  3  4  5  6  7  8  9 10 11 12 |
---------------+-------------------------------------+-----
Invocations    | 2 3 4 5 |  5.0
Fighting       | 4 5 6 7 8 9 11 12 | 12.1
Maces & Flails | 3 4 5 6 8 9 10 11 | 11.9
Armour         | 3 4 5 6 8 9 10 11 | 11.9
Dodging        | 2 3 4 5 7 8 9 10 | 10.9
Shields        | 1 4 6 8 10 | 10.2
Stealth        | 2 |  2.0

Action                   |  1- 3 |  4- 6 |  7- 9 | 10-12 | 13-15 || total
-------------------------+-------+-------+-------+-------+-------++-------
Melee: Mace              |   109 |   121 |   204 |       |       ||   434
       Headbutt          |    10 |    18 |    61 |   186 |       ||   275
       Flail             |       |       |   220 |   772 |       ||   992
Throw: Tomahawk          |       |       |     4 |     3 |       ||     7
  Use: Scroll            |       |       |    15 |     7 |       ||    22
       Potion            |       |       |       |     3 |       ||     3
  Eat: Chunk             |     2 |     3 |    15 |    24 |       ||    44
Armor: Leather armour    |     6 |       |       |       |       ||     6
       Chain mail        |    66 |       |       |       |       ||    66
       Scale mail        |       |    91 |   225 |   325 |       ||   641
Dodge: Dodged            |    59 |   101 |   280 |   423 |     1 ||   864
Block: Buckler           |       |       |    26 |   181 |       ||   207

Table legend:
 A = Non-vault XP
 B = Vault XP
 C = Vault XP percentage of total XP
 D = Non-vault monster count
 E = Vault monster count
 F = Vault count percentage of total count
                 A         B        C        D         E       F
            +---------+---------+-------+---------+---------+-------
      Total |   26125 |   12479 |  32.3 |     292 |      93 |  24.2
            +---------+---------+-------+---------+---------+-------
        D:1 |      46 |       0 |   0.0 |      23 |       0 |   0.0
        D:2 |      27 |       0 |   0.0 |      13 |       0 |   0.0
        D:3 |     122 |     308 |  71.6 |      30 |       7 |  18.9
        D:4 |     224 |     267 |  54.4 |      14 |      18 |  56.2
        D:5 |     521 |     199 |  27.6 |      16 |       3 |  15.8
        D:6 |     571 |       0 |   0.0 |      15 |       0 |   0.0
        D:7 |    1453 |     966 |  39.9 |      36 |       5 |  12.2
        D:8 |    2293 |    1734 |  43.1 |      31 |       4 |  11.4
        D:9 |    2873 |       0 |   0.0 |      29 |       0 |   0.0
       D:10 |    4592 |    3252 |  41.5 |      30 |       5 |  14.3
       D:11 |    4576 |    3986 |  46.6 |      20 |      13 |  39.4
       D:12 |    5431 |    1412 |  20.6 |      27 |      14 |  34.1
       D:13 |    3396 |       0 |   0.0 |       8 |       0 |   0.0
      Sewer |       0 |     355 | 100.0 |       0 |      24 | 100.0
            +---------+---------+-------+---------+---------+-------
